 Dungeon Crawl Stone Soup version 0.30-a0-722-g3e6e8c874d (webtiles) character file.

Game seed: 10546400808746385234

592 sircluck the Poker (level 7, 0/60 HPs)
             Began as a Black Draconian Berserker on Jan 27, 2023.
             Was a Priest of Trog.
             Slain by a killer bee (2 damage)
             ... on level 7 of the Dungeon.
             The game lasted 00:14:52 (3443 turns).

sircluck the Poker (Black Draconian Berserker)      Turns: 3443, Time: 00:14:53

Health: 0/60       AC: 14    Str: 22    XL:     7   Next: 16%
Magic:  7/7        EV: 13    Int:  7    God:    Trog [***...]
Gold:   152        SH:  0    Dex: 10    Spells: 6/6 levels left

rFire   . . .      SeeInvis .    a - +0 spear
rCold   . . .      Faith    .    (no shield)
rNeg    . . .      Spirit   .    (body armour unavailable)
rPois   .          Reflect  .    (helmet restricted)
rElec   +          Harm     .    (no cloak)
rCorr   .          Rampage  .    (no gloves)
Will    ++...                    (no boots)
Stlth   +                        (no amulet)
HPRegen 1.30/turn                n - ring of the Tortoise {AC+8}
MPRegen 0.10/turn                (no ring)

@: lethally poisoned (0 -> -5), strong-willed, on berserk cooldown,
regenerating, slowed, very slow
A: breathe lightning, AC +6, unfitting armour, electricity resistance,
cold-blooded
a: Breathe Lightning, Renounce Religion, Berserk, Trog's Hand


You were on level 7 of the Dungeon.
You worshipped Trog.
Trog was most pleased with you.
You visited 1 branch of the dungeon, and saw 5 of its levels.

You collected 152 gold pieces.

Inventory:

Hand Weapons
 a - a +0 spear (weapon)
 d - a +0 hand axe
 h - a +0 whip
 k - a +0 dagger of draining
 x - a +0 giant club
 A - a +0 trident
Missiles
 c - 9 boomerangs (quivered)
 e - 7 stones
 m - 6 silver javelins
 B - 2 poisoned darts
Armour
 b - a +0 leather armour
 w - a +0 robe
Magical Staves
 f - a staff of air
Jewellery
 n - the ring of the Tortoise (left hand) {AC+8}
   (You found it on level 2 of the Dungeon)

   [ring of protection]

   AC:        It affects your AC (+8).
 q - a ring of fire
Scrolls
 i - a scroll of teleportation {unknown}
 j - a scroll of noise {unknown}
 p - 2 scrolls of fear {unknown}
 r - a scroll of fog {unknown}
 u - a scroll of poison {unknown}
 v - a scroll of vulnerability {unknown}
 y - 2 scrolls of identify {unknown}
Potions
 g - a potion of might {unknown}
 l - 2 potions of mutation {unknown}
 o - a potion of berserk rage {unknown}
 s - 2 potions of degeneration {unknown}
 t - a potion of heal wounds {unknown}


   Skills:
 + Level 4.5 Fighting
 + Level 6.0 Polearms
 + Level 5.1 Dodging
 + Level 0.2 Stealth


You had 6 spell levels left.
You didn't know any spells.
Your spell library was empty.

Dungeon Overview and Level Annotations

Branches:
Dungeon (7/15)
 Temple: D:4-7

Altars:
Gozag
The Shining One


Innate Abilities, Weirdness & Mutations

You can breathe wild blasts of lightning.
Your glossy black scales are hard. (AC +6)
You cannot fit into any form of body armour.
You are resistant to electric shocks. (rElec)
You are cold-blooded and may be slowed by cold attacks.


Message History

The killer bee stings you but does no damage.
The killer bee misses you.
The killer bee stings you but does no damage.
The killer bee misses you.
You barely miss the killer bee. The killer bee completely misses you.
The killer bee stings you but does no damage.
The killer bee stings you.
* * * LOW HITPOINT WARNING * * *
You barely miss the killer bee.
You feel sick. The killer bee closely misses you. The killer bee misses you.
The killer bee stings you but does no damage.
You barely miss the killer bee.
Your tail-slap misses the killer bee.
You feel sick. The killer bee misses you. The killer bee barely misses you.
The killer bee stings you.
* * * LOW HITPOINT WARNING * * *
You are more poisoned.
The killer bee poisons you!
You barely miss the killer bee.
You are no longer berserk.
You are exhausted.
You feel yourself slow down.
You feel sick.
The killer bee stings you but does no damage. x2
The killer bee misses you.
You barely miss the killer bee.
You tail-slap the killer bee, but do no damage.
You feel very sick.
The killer bee stings you but does no damage.
The killer bee stings you.
* * * LOW HITPOINT WARNING * * *
You are lethally poisoned!
The killer bee poisons you!
The killer bee stings you but does no damage. x4
You miss the killer bee.
* * * LOW HITPOINT WARNING * * *
You feel very sick. The killer bee stings you.
* * * LOW HITPOINT WARNING * * *
The killer bee stings you but does no damage.
The killer bee misses you. The killer bee stings you.
You die...

....... ....... .
....... ..
....$.. ...
....... ..$.
....... ####....#
......o##y......#
......ocy@.#
.......oy###
........##
......#.#
......#.#
#.....#.# #####
#.### ##...##
##.....##


You could see a centaur, 3 killer bees and 3 orcs.

Vanquished Creatures
  An ice beast (D:6)
  An ogre (D:6)
  2 scorpions
  A bullfrog (D:6)
  A killer bee (D:7)
  A hound (D:6)
  An iguana (D:6)
  5 adders
  2 ufetubi
  A worm (D:2)
  3 dart slugs
  3 orcs
  9 endoplasms
  3 giant cockroaches
  7 goblins
  4 hobgoblins
  4 quokkas
  6 ball pythons
  8 bats
  A frilled lizard (D:2)
  5 kobolds
  7 rats
76 creatures vanquished.

Notes
Turn   | Place    | Note
-------+----------+-------------------------------------------
     0 | D:1      | sircluck the Draconian Berserker began the quest for the
                  | Orb.
     0 | D:1      | Reached XP level 1. HP: 19/19 MP: 1/1
   189 | D:1      | Reached XP level 2. HP: 17/26 MP: 2/2
   363 | D:1      | Found a faded altar of an unknown god.
   860 | D:2      | Reached XP level 3. HP: 28/33 MP: 3/3
   862 | D:2      | Reached ** piety under Trog
  1023 | D:2      | Found the ring of the Tortoise {AC+8}
  1115 | D:2      | Reached XP level 4. HP: 16/40 MP: 4/4
  1863 | D:3      | Reached *** piety under Trog
  1897 | D:3      | Noticed a scorpion
  1915 | D:3      | Killed a scorpion
  1916 | D:3      | Reached skill level 4 in Polearms
  1916 | D:3      | Reached XP level 5. HP: 46/46 MP: 5/5
  2395 | D:3      | You fall into a shaft and drop 3 floors!
  2471 | D:6      | Found an opulent altar of Gozag.
  2487 | D:6      | Noticed an ogre
  2514 | D:6      | Killed an ogre
  2533 | D:6      | Noticed an ice beast
  2558 | D:6      | Killed an ice beast
  2559 | D:6      | Reached skill level 5 in Polearms
  2559 | D:6      | Reached XP level 6. HP: 28/53 MP: 6/6
  2784 | D:6      | Found a glowing golden altar of the Shining One.
  2948 | D:6      | Reached skill level 5 in Dodging
  3364 | D:6      | Your scales start taking on a glossy black colour.
  3364 | D:6      | Reached XP level 7. HP: 60/60 MP: 7/7
  3364 | D:6      | Gained mutation: You are resistant to electric shocks.
                  | (rElec) [Black Draconian growth]
  3431 | D:7      | Reached skill level 6 in Polearms
  3443 | D:7      | HP: 2/60 [killer bee (2)]
  3443 | D:7      | Slain by a killer bee

Illustrated notes

Levels and vault maps discovered:
D:1:      dpeg_arrival_boxes_within_box, layout_rooms,
          hellmonk_ecumenical_altar_heavens_door
D:2:      layout_loops_ring, st_stairs_11, minmay_misc_feat_diagonals,
          kennysheep_cluttered_room
D:3:      layout_loops_ring
D:6:      layout_gridville, grunt_gozag_statues, nicolae_tso_carved_into_rock
D:7:      layout_cave_pods, overflow_temple_1_default,
          yredelemnul_altar_generic, nicolae_uskayaw_en_pointe,
          kennysheep_generic_room_9, uniq_maggie

Skill      XL: |  1  2  3  4  5  6  7 |
---------------+----------------------+-----
Dodging        | 3 4 5 |  5.1
Fighting       | 4 |  4.5
Polearms       | 4 5 6 |  6.0
Stealth        | |  0.2

Action                     |  1- 3 |  4- 6 |  7- 9 || total
---------------------------+-------+-------+-------++-------
  Melee: Spear             |   119 |   173 |    30 ||   322
         Tailslap          |    15 |    24 |     3 ||    42
         Punch             |     1 |     5 |       ||     6
 Invoke: Berserk           |       |       |     1 ||     1
         Trog's Hand       |       |       |     1 ||     1
    Use: Potion            |       |     3 |     1 ||     4
 Armour: Skin              |    70 |    57 |    45 ||   172
  Dodge: Dodged            |   116 |    96 |    67 ||   279

Table legend: (Time is in decaauts)
 A = Elapsed time spent in this place.
 B = Non-inter-level travel time spent in this place.
 C = Inter-level travel time spent in this place.
 D = Time resting spent in this place.
 E = Time spent auto-exploring this place.
 F = Levels seen in this place.
 G = Mean time per level.
                   A        B        C        D        E       F      G
               +--------+--------+--------+--------+--------+-----+--------+
         Total |   3415 |   3353 |     62 |      0 |    676 |   5 |  683.0 |
       Dungeon |   3415 |   3353 |     62 |      0 |    676 |   5 |  683.0 |
               +--------+--------+--------+--------+--------+-----+--------+

Top non-repeatable levels by time:
     D:6: 962 daAuts
     D:2: 836 daAuts
     D:3: 776 daAuts
     D:1: 775 daAuts
     D:7: 64 daAuts
